 Dungeon Crawl Stone Soup version 0.30-a0-672-gc3a7216ad8 (webtiles) character file.

Game seed: 6792819937908447532

1324 wormed the Poker (level 8, -1/61 HPs)
             Began as a Gnoll Wanderer on Jan 18, 2023.
             Was a Follower of Cheibriados.
             Slain by a kobold brigand
             ... wielding a +0 short sword
              (4 damage)
             ... on level 5 of the Dungeon.
             The game lasted 00:07:23 (3441 turns).

wormed the Poker (Gnoll Wanderer)                   Turns: 3441, Time: 00:07:23

Health: -1/61      AC:  8    Str: 14    XL:     8   Next: 60%
Magic:  11/14      EV: 12    Int: 13    God:    Cheibriados [*.....]
Gold:   165        SH:  5    Dex: 16    Spells: 16/16 levels left

rFire   + + .      SeeInvis .    a - +2 spear
rCold   + . .      Faith    .    s - +0 buckler
rNeg    + . .      Spirit   .    x - +1 ring mail "Erom" {rF++ Slay+2}
rPois   .          Reflect  .    (no helmet)
rElec   .          Harm     .    (no cloak)
rCorr   .          Rampage  .    n - +0 pair of gloves
Will    .....                    (no boots)
Stlth   ++                       (no amulet)
HPRegen 0.30/turn                o - ring of protection from cold
MPRegen 0.14/turn                q - ring of positive energy

@: very slow
A: fangs 1, strong nose, distributed training
a: Renounce Religion, Bend Time


You were on level 5 of the Dungeon.
You worshipped Cheibriados.
Cheibriados was aware of your devotion.
You visited 1 branch of the dungeon, and saw 5 of its levels.

You collected 214 gold pieces.
You spent 49 gold pieces at shops.

Inventory:

Hand Weapons
 a - a +2 spear (weapon)
Missiles
 b - 17 poisoned darts
 e - a javelin (quivered)
Armour
 n - a +0 pair of gloves (worn)
 s - a +0 buckler (worn)
 x - the +1 ring mail "Erom" (worn) {rF++ Slay+2}
   (You found it on level 3 of the Dungeon)

   Slay:      It affects your accuracy & damage with ranged weapons and melee
   (+2).
   rF:        It greatly protects you from fire.
Jewellery
 i - a ring of wizardry
 o - a ring of protection from cold (left hand)
 q - a ring of positive energy (right hand)
Wands
 w - a wand of iceblast (8)
Scrolls
 f - a scroll of fog
 l - 2 scrolls of magic mapping
 m - a scroll of identify
Potions
 c - 3 potions of flight
 d - a potion of lignification
 g - 2 potions of cancellation
 h - 3 potions of curing
 j - a potion of might {unknown}
 k - a potion of ambrosia {unknown}
 r - a potion of degeneration {unknown}
 t - 2 potions of heal wounds {unknown}
 v - 2 potions of brilliance {unknown}


   Skills:
 + Level 4.4 Fighting
 + Level 3.5 Short Blades
 + Level 3.5 Long Blades
 + Level 3.5 Axes
 + Level 3.5 Maces & Flails
 + Level 7.5 Polearms
 + Level 3.5 Staves
 + Level 3.5 Ranged Weapons
 + Level 4.4 Throwing
 + Level 4.4 Armour
 + Level 4.4 Dodging
 + Level 3.5 Stealth
 + Level 3.5 Shields
 + Level 3.5 Unarmed Combat
 + Level 4.6 Spellcasting
 + Level 2.9 Conjurations
 + Level 2.9 Hexes
 + Level 2.9 Summonings
 + Level 2.9 Necromancy
 + Level 2.9 Translocations
 + Level 2.9 Transmutations
 + Level 2.9 Fire Magic
 + Level 2.9 Ice Magic
 + Level 2.9 Air Magic
 + Level 4.8 Earth Magic
 + Level 2.9 Poison Magic
 + Level 3.9 Invocations
 + Level 3.5 Evocations


You had 16 spell levels left.
You didn't know any spells.
Your spell library contained the following spells:

 Spells                   Type           Power      Damage    Failure   Level
 Sandblast                Erth           30%        2d9       7%          1
 Apportation              Tloc           20%        N/A       14%         1
 Necrotise                Necr           40%        1d6       14%         1
 Summon Small Mammal      Summ           40%        N/A       14%         1
 Lesser Beckoning         Tloc           20%        N/A       22%         2
 Stone Arrow              Conj/Erth      26%        3d8       30%         3
 Dazzling Flash           Conj/Hex       20%        N/A       41%         3
 Gell's Gravitas          Tloc           10%        N/A       41%         3
 Teleport Other           Tloc           10%        N/A       41%         3
 Agony                    Necr           10%        N/A       99%         5
 Silence                  Hex/Air        5%         N/A       99%         5


Dungeon Overview and Level Annotations

Branches:
Dungeon (5/15)
 Temple: D:4-7

Altars:
Ashenzari
Cheibriados
Yredelemnul

Shops:
D:5 [![[


Innate Abilities, Weirdness & Mutations

You have very sharp teeth.
Your uncanny sense of smell can sniff out nearby items.
Your experience applies equally to all skills.


Message History

The kobold brigand hits you but does no damage.
You hit the kobold brigand but do no damage.
The kobold brigand is heavily wounded.
You miss the kobold brigand.
The kobold brigand is heavily wounded.
You hit the kobold brigand.
The kobold brigand is severely wounded.
The kobold brigand closely misses you.
You hit the kobold brigand but do no damage.
The kobold brigand is severely wounded.
You closely miss the kobold brigand. Your bite misses the kobold brigand.
The kobold brigand is severely wounded.
The kobold brigand hits you with a +0 short sword.
* * * LOW HITPOINT WARNING * * *
You closely miss the kobold brigand.
You bite the kobold brigand, but do no damage.
The kobold brigand is severely wounded.
You barely miss the kobold brigand.
The kobold brigand is severely wounded.
The kobold brigand completely misses you.
You barely miss the kobold brigand.
The kobold brigand is severely wounded.
You hit the kobold brigand but do no damage.
The kobold brigand is severely wounded.
The kobold brigand is no longer moving slowly.
You block the kobold brigand's attack.
You hit the kobold brigand but do no damage.
The kobold brigand is severely wounded.
The kobold brigand hits you with a +0 short sword.
* * * LOW HITPOINT WARNING * * *
You closely miss the kobold brigand.
The kobold brigand is severely wounded.
You miss the kobold brigand.
The kobold brigand is severely wounded.
The kobold brigand hits you with a +0 short sword.
* * * LOW HITPOINT WARNING * * *
You hit the kobold brigand.
The kobold brigand is severely wounded.
The kobold brigand hits you with a +0 short sword.
You die...

##.##.# #.#.......# ##.##.#
#.#.##.##.# ...##.#
##.####.##.##### .#....###
####÷..####.......# #.......#
+..÷...÷.÷'.#.###.# ......#(#
####÷..######.###.#
......#.##.#..##.##....†.....#
.#...##..#.....#.#....#####..#
.##...)........#@#..# #..#
.#######.#######K## #..# .#
#.# #.÷÷# #..# .# #.#
#÷.÷..##.#####..# .#######.#
#÷...÷÷.##.......# .>.......#
#÷÷.....#.#####.##
#######.####...(...# #.#
#....##..)..### #.#
#.######...##.# #.#


You could see a kobold brigand.

Vanquished Creatures
  Pikel (D:5)
  Grinder (D:5)
  A centaur (D:5)
  A lemure (D:5)
  4 kobold brigands (D:5)
  A necrophage (D:4)
  A scorpion (D:5)
  A howler monkey (D:5)
  A hound (D:4)
  A mummy (D:5)
  6 adders
  A worm (D:2)
  3 dart slugs
  6 orcs
  4 ball pythons
  6 bats
  5 endoplasms
  3 giant cockroaches
  8 goblins
  4 hobgoblins
  3 jackals (D:1)
  4 kobolds
  2 quokkas
  9 frilled lizards
  2 rats (D:1)
79 creatures vanquished.

Notes
Turn   | Place    | Note
-------+----------+-------------------------------------------
     0 | D:1      | wormed the Gnoll Wanderer began the quest for the Orb.
     0 | D:1      | wormed set off with the following items: a +2 spear, 11
                  | poisoned darts, a +0 dagger, a potion of lignification, a
                  | +0 robe; and the following spell memorised: Sandblast; and
                  | the following spells available to memorise: Stone Arrow.
     0 | D:1      | Reached XP level 1. HP: 17/17 MP: 4/4
    40 | D:1      | Reached XP level 2. HP: 21/23 MP: 5/5
   478 | D:1      | Reached XP level 3. HP: 24/28 MP: 7/7
   770 | D:2      | Reached skill level 1 in Invocations
   951 | D:2      | Reached skill level 1 in Short Blades
   951 | D:2      | Reached skill level 1 in Long Blades
   951 | D:2      | Reached skill level 1 in Axes
   951 | D:2      | Reached skill level 1 in Maces & Flails
   951 | D:2      | Reached skill level 1 in Staves
   951 | D:2      | Reached skill level 1 in Ranged Weapons
   951 | D:2      | Reached skill level 1 in Stealth
   951 | D:2      | Reached skill level 1 in Shields
   951 | D:2      | Reached skill level 1 in Unarmed Combat
   951 | D:2      | Reached skill level 1 in Evocations
  1035 | D:2      | Reached XP level 4. HP: 24/34 MP: 8/8
  1445 | D:3      | Reached skill level 1 in Conjurations
  1445 | D:3      | Reached skill level 1 in Hexes
  1445 | D:3      | Reached skill level 1 in Summonings
  1445 | D:3      | Reached skill level 1 in Necromancy
  1445 | D:3      | Reached skill level 1 in Translocations
  1445 | D:3      | Reached skill level 1 in Transmutations
  1445 | D:3      | Reached skill level 1 in Fire Magic
  1445 | D:3      | Reached skill level 1 in Ice Magic
  1445 | D:3      | Reached skill level 1 in Air Magic
  1445 | D:3      | Reached skill level 1 in Poison Magic
  1619 | D:3      | Found a basalt altar of Yredelemnul.
  1686 | D:3      | Identified the +1 ring mail "Erom" {rF++ Slay+2}
  1909 | D:3      | Found a snail-covered altar of Cheibriados.
  1917 | D:3      | Became a worshipper of Cheibriados the Contemplative
  2189 | D:4      | Reached XP level 5. HP: 40/40 MP: 9/9
  2210 | D:4      | Found a broken altar of Ashenzari.
  2522 | D:5      | Entered Level 5 of the Dungeon
  2560 | D:5      | Reached XP level 6. HP: 47/47 MP: 9/11
  2572 | D:5      | Noticed Grinder
  2578 | D:5      | Paralysed by Grinder for 3 turns
  2609 | D:5      | Reached * piety under Cheibriados
  2623 | D:5      | Killed Grinder
  2624 | D:5      | Reached skill level 7 in Polearms
  2624 | D:5      | Reached XP level 7. HP: 52/52 MP: 12/12
  2665 | D:5      | Found Jiwont's Armour Shoppe.
  2673 | D:5      | Found Niumn's Distillery.
  2674 | D:5      | Found Devycw's Armour Shoppe.
  2678 | D:5      | Found Yppuilui's Armour Shoppe.
  2872 | D:5      | Bought a +0 buckler for 49 gold pieces
  3024 | D:5      | Noticed Pikel
  3054 | D:5      | Killed Pikel
  3055 | D:5      | Reached XP level 8. HP: 18/60 MP: 12/14
  3367 | D:5      | Found the +7 Throatcutter {drain, coup de grace}
  3440 | D:5      | HP: 2/61 [kobold brigand/+0 short sword (2)]
  3441 | D:5      | Slain by a kobold brigand

Illustrated notes

Levels and vault maps discovered:
D:1:      reono_arrival_forest_river, layout_loops_cross,
          hangedman_decor_peaks_small, st_stairs_14, minmay_lizard_pond
D:2:      layout_rooms, dreamdust_princess_bridge
D:3:      layout_rooms, lemuel_coloured_pillars_altar,
          yredelemnul_altar_generic, kennysheep_generic_room_6
D:4:      layout_cave_pools, mainiacjoe_overflow_tiny_flanked
D:5:      layout_loops_ring, gup_ossuary_entry_pyramid, minmay_shop_grid_forest,
          dilly_guarded_unrand_throatcut, uniq_eustachio, uniq_pikel,
          uniq_grinder

Skill      XL: |  1  2  3  4  5  6  7 |
---------------+----------------------+-----
Invocations    | 1 2 3 |  3.9
Short Blades   | 1 2 3 |  3.5
Long Blades    | 1 2 3 |  3.5
Axes           | 1 2 3 |  3.5
Maces & Flails | 1 2 3 |  3.5
Staves         | 1 2 3 |  3.5
Ranged Weapons | 1 2 3 |  3.5
Stealth        | 1 2 3 |  3.5
Shields        | 1 2 3 |  3.5
Unarmed Combat | 1 2 3 |  3.5
Evocations     | 1 2 3 |  3.5
Spellcasting   | 3 4 |  4.6
Conjurations   | 1 2 |  2.9
Hexes          | 1 2 |  2.9
Summonings     | 1 2 |  2.9
Necromancy     | 1 2 |  2.9
Translocations | 1 2 |  2.9
Transmutations | 1 2 |  2.9
Fire Magic     | 1 2 |  2.9
Ice Magic      | 1 2 |  2.9
Air Magic      | 1 2 |  2.9
Poison Magic   | 1 2 |  2.9
Fighting       | 3 4 |  4.4
Throwing       | 3 4 |  4.4
Armour         | 3 4 |  4.4
Dodging        | 3 4 |  4.4
Earth Magic    | 4 |  4.8
Polearms       | 7 |  7.5

Action                   |  1- 3 |  4- 6 |  7- 9 || total
-------------------------+-------+-------+-------++-------
Melee: Spear             |   112 |   107 |   116 ||   335
       Bite              |     8 |     9 |    13 ||    30
       Punch             |     1 |     1 |       ||     2
       Unarmed           |       |    25 |     5 ||    30
Throw: Javelin           |       |       |     3 ||     3
Invok: Bend Time         |       |       |     3 ||     3
  Use: Scroll            |       |     9 |     2 ||    11
       Potion            |       |     3 |     2 ||     5
 Stab: Sleeping          |     3 |     1 |       ||     4
       Distracted        |       |     1 |       ||     1
Armor: Robe              |    23 |     4 |       ||    27
       Skin              |       |    34 |    14 ||    48
       Ring mail         |       |    15 |    27 ||    42
Dodge: Dodged            |    68 |    34 |    57 ||   159
Block: Buckler           |       |       |    18 ||    18

Table legend: (Time is in decaauts)
 A = Elapsed time spent in this place.
 B = Non-inter-level travel time spent in this place.
 C = Inter-level travel time spent in this place.
 D = Time resting spent in this place.
 E = Time spent auto-exploring this place.
 F = Levels seen in this place.
 G = Mean time per level.
                   A        B        C        D        E       F      G
               +--------+--------+--------+--------+--------+-----+--------+
         Total |   3688 |   3458 |    230 |      0 |   2753 |   5 |  737.6 |
       Dungeon |   3688 |   3458 |    230 |      0 |   2753 |   5 |  737.6 |
               +--------+--------+--------+--------+--------+-----+--------+

Top non-repeatable levels by time:
     D:5: 1068 daAuts
     D:1: 728 daAuts
     D:2: 660 daAuts
     D:3: 640 daAuts
     D:4: 590 daAuts
